 Dungeon Crawl Stone Soup version 0.17.1-2-g5865329 (webtiles) character file.

267 kaze the Ducker (level 6, -1/61 HPs)
             Began as a Troll Berserker on Jan 21, 2016.
             Was a Believer of Trog.
             Killed by divine providence
             ... invoked by an orc priest
              (14 damage)
             ... on level 4 of the Dungeon.
             The game lasted 00:07:47 (1510 turns).

kaze the Ducker (Troll Berserker)                   Turns: 1510, Time: 00:07:47

Health: -1/61      AC:  5    Str: 28    XL:     6   Next: 0%
Magic:  5/5        EV:  8    Int:  3    God:    Trog [**....]
Gold:   82         SH:  8    Dex:  9    Spells: 0 memorised, 5 levels left

rFire  . . .     SeeInvis .       - Unarmed
rCold  . . .     Clarity  .     a - +0 animal skin
rNeg   . . .     SustAt   .     d - +0 shield
rPois  .         Gourm    +     (helmet restricted)
rElec  .         Spirit   .     (no cloak)
rCorr  .         Warding  .     (gloves unavailable)
rMut   .         Stasis   .     (boots unavailable)
MR     ++...                    (no amulet)
Stlth  +.........               (no ring)
                                (no ring)

@: regenerating, very resistant to hostile enchantments, very unstealthy
A: unfitting armour, claws 3, fast metabolism 3, gourmand, regeneration 2,
shaggy fur 1, tough skin 2
a: Berserk, Trog's Hand, Burn Spellbooks, Renounce Religion


You were on level 4 of the Dungeon.
You worshipped Trog.
Trog was pleased with you.
You were very full.

You visited 1 branch of the dungeon, and saw 4 of its levels.

You collected 82 gold pieces.

Inventory:

Armour
 a - a +0 animal skin (worn)
 d - a +0 shield (worn)
Scrolls
 g - a scroll of recharging {unknown}
 h - 2 scrolls of random uselessness {unknown}
 i - 5 scrolls of identify {unknown}
 m - a scroll of remove curse {unknown}
Potions
 e - 3 potions of curing {unknown}
 j - a potion of flight {unknown}
 l - a potion of invisibility {unknown}
Comestibles
 b - 3 bread rations
 c - a slice of pizza
 f - a meat ration
 k - 3 chunks of flesh


   Skills:
 + Level 3.0 Fighting
 + Level 4.3 Dodging
 + Level 0.1 Stealth
 + Level 1.5 Shields
 + Level 4.0 Unarmed Combat


You had 5 spell levels left.
You didn't know any spells.

Dungeon Overview and Level Annotations

Branches:
Dungeon (4/15)
 Temple: D:4-7

Altars:
Fedhas


Innate Abilities, Weirdness & Mutations

You are too large for most types of armour.
You have claws for hands.
Your metabolism is lightning-fast.
You like to eat raw meat.
You heal very quickly.
You are covered in fur (AC +1).
You have very tough skin (AC +2).


Message History

The hound is moderately wounded.
You block the hound's attack.
You closely miss the hound.
The hound is moderately wounded.
The hound bites you.
* * * LOW HITPOINT WARNING * * *
The orc priest hits you but does no damage.
The hound barely misses you.
You scratch the hound but do no damage.
The hound is moderately wounded.
You feel the effects of Trog's Hand fading.
The hound bites you but does no damage.
The orc priest hits you from afar with a trident of protection!
* * * LOW HITPOINT WARNING * * *
You completely miss the hound.
The hound is moderately wounded.
The hound closely misses you.
The orc priest mumbles some strange prayers to Beogh against you.
Something smites you!
You die...

#.........##.###.
#.###.###.#.##. #.
#.........#.##.###.
#####.#####........
#.# ####.###. #.#
#.>... #.# #####.
..#.#######.# #.
.....ooh@...# #.
###.######### #. #.
#. #. ##


You could see a hound, an orc priest and an orc.

Vanquished Creatures
  2 orc wizards
  A hound (D:4)
  Jessica (D:2)
  An iguana (D:4)
  8 adders
  An ooze (D:3)
  A worm (D:2)
  2 giant geckos
  4 orcs
  6 goblins
  5 hobgoblins
  6 jackals (D:2)
  2 quokkas
  A ball python (D:1)
  5 bats
  2 giant cockroaches (D:1)
  2 giant newts (D:1)
  2 kobolds
  5 rats
57 creatures vanquished.

Notes
Turn   | Place    | Note
--------------------------------------------------------------
     0 | D:1      | kaze the Troll Berserker began the quest for the Orb.
     0 | D:1      | Reached XP level 1. HP: 22/22 MP: 0/0
   168 | D:1      | Reached XP level 2. HP: 29/29 MP: 1/1
   515 | D:2      | Reached ** piety under Trog
   570 | D:2      | Noticed Jessica
   582 | D:2      | Killed Jessica
   582 | D:2      | Reached XP level 3. HP: 19/36 MP: 2/2
   662 | D:2      | Reached skill level 1 in Shields
   662 | D:2      | Reached XP level 4. HP: 36/44 MP: 3/3
   962 | D:3      | HP: 2/44 [giant gecko (4)]
  1091 | D:3      | Reached XP level 5. HP: 47/50 MP: 4/4
  1120 | D:3      | Found a blossoming altar of Fedhas.
  1389 | D:4      | Reached skill level 4 in Dodging
  1502 | D:4      | Reached *** piety under Trog
  1506 | D:4      | Reached XP level 6. HP: 28/61 MP: 5/5
  1510 | D:4      | Killed from afar by an orc priest

Action                   |  1- 3 |  4- 6 || total
-------------------------+-------+-------++-------
Melee: Unarmed           |    63 |    93 ||   156
Invok: Trog's Hand       |     1 |     3 ||     4
 Stab: Distracted        |     1 |       ||     1
  Eat: Chunk             |     8 |    11 ||    19
